 Dungeon Crawl Stone Soup version 0.30-a0-178-g4db885d750 (webtiles) character file.

Game seed: 7719538504861788395

2162 Aibolit the Skirmisher (level 9, -2/46 HPs)
             Began as a Deep Elf Hunter on Oct 3, 2022.
             Slain by a hornet (12 damage)
             ... on level 7 of the Dungeon.
             The game lasted 00:11:27 (5295 turns).

Aibolit the Skirmisher (Deep Elf Hunter)            Turns: 5295, Time: 00:11:29

Health: -2/46      AC: 11    Str:  8    XL:     9   Next: 10%
Magic:  11/11      EV: 15    Int: 15    God:
Gold:   224        SH:  0    Dex: 28    Spells: 5/8 levels left

rFire   . . .      SeeInvis .    a - +0 shortbow (vorpal)
rCold   . . .      Faith    .    (shield currently unavailable)
rNeg    . . .      Spirit   .    c - +2 leather armour
rPois   .          Reflect  .    i - +0 helmet
rElec   .          Harm     .    r - +0 cloak
rCorr   .          Rampage  .    s - +2 pair of gloves
Will    .....      Rage     3%   x - +0 pair of boots
Stlth   +++.......               t - amulet of regeneration
HPRegen 1.87/turn                k - +6 ring of dexterity
MPRegen 0.12/turn                (no ring)

@: hasted and slowed
A: berserk 1, frail 1, regeneration 1
a: no special abilities


You were on level 7 of the Dungeon.
You visited 1 branch of the dungeon, and saw 7 of its levels.

You collected 345 gold pieces.
You spent 121 gold pieces at shops.

Inventory:

Hand Weapons
 a - a +0 vorpal shortbow (weapon)
Armour
 c - a +2 leather armour (worn)
 i - a +0 helmet (worn)
 r - a +0 cloak (worn)
 s - a +2 pair of gloves (worn)
 x - a +0 pair of boots (worn)
Jewellery
 k - a +6 ring of dexterity (left hand)
 t - an amulet of regeneration (around neck)
Wands
 h - a wand of acid (21)
 j - a wand of roots (4)
 B - a wand of paralysis (6)
Scrolls
 b - a scroll of immolation
 u - 3 scrolls of identify
Potions
 d - a potion of haste
 e - 3 potions of cancellation
 g - 2 potions of mutation
 l - a potion of brilliance
 n - a potion of flight
 p - a potion of attraction
 q - a potion of heal wounds
 w - a potion of magic
 C - 3 potions of might


   Skills:
 + Level 4.6 Fighting
 + Level 13.7 Ranged Weapons
 + Level 2.2 Armour
 + Level 4.0 Dodging
 + Level 2.2 Stealth
 + Level 0.1 Evocations


You had 5 spell levels left.
You knew the following spells:

 Your Spells              Type           Power      Damage    Failure   Level
a - Call Canine Familiar  Summ           0%         N/A       75%         3

Your spell library contained the following spells:

 Spells                   Type           Power      Damage    Failure   Level
 Ozocubu's Armour         Ice            0%         N/A       75%         3
 Portal Projectile        Hex/Tloc       0%         N/A       75%         3
 Tukima's Dance           Hex            0%         N/A       75%         3
 Leda's Liquefaction      Hex/Erth       0%         N/A       98%         4
 Blade Hands              Tmut           0%         N/A       100%        5
 Fireball                 Conj/Fire      0%         3d3       100%        5
 Iskenderun's Battlesphe  Conj           0%         2d6       100%        5
 Conjure Ball Lightning   Conj/Air       0%         3x3d6     100%        6
 Orb of Destruction       Conj           0%         9d5       100%        7
 Ozocubu's Refrigeration  Ice            0%         4d7       100%        7
 Discord                  Hex            0%         N/A       100%        8
 Disjunction              Tloc           0%         N/A       100%        8


Dungeon Overview and Level Annotations

Branches:
Dungeon (7/15)             Temple (0/1) D:6

Altars:
Ashenzari
Kikubaaqudgha
Makhleb
Ru

Shops:
D:5 [*


Innate Abilities, Weirdness & Mutations

You sometimes lose your temper in combat.
You are frail. (-10% HP)
Your natural rate of healing is unusually fast.


Message History

The arrow hits the gnoll but does no damage.
The gnoll is almost dead.
You feel very sick. The hornet closely misses you. The gnoll barely misses you.
The gnoll closely misses you. The hornet completely misses you.
The gnoll barely misses you.
The gnoll hits you from afar with a +0 spear.
* * * LOW HITPOINT WARNING * * *
You are too injured to fight recklessly!
You feel better. The hornet closely misses you.
The hornet stings you but does no damage.
The gnoll misses you. The gnoll barely misses you. The hornet stings you!
* * * LOW HITPOINT WARNING * * *
You feel as though you will be slow longer.
You feel better. The hornet misses you. The gnoll barely misses you.
The gnoll completely misses you. The hornet stings you.
You feel as though you will be slow longer.
The gnoll barely misses you. The gnoll hits you but does no damage.
You feel yourself speed up.
The hornet stings you but does no damage.
The gnoll hits you but does no damage. x2
The hornet stings you but does no damage.
You feel better. The hornet stings you!
* * * LOW HITPOINT WARNING * * *
You are poisoned.
You suddenly lose the ability to move!
The gnoll hits you from afar with a +0 spear.
* * * LOW HITPOINT WARNING * * *
The gnoll hits you but does no damage. The hornet stings you.
* * * LOW HITPOINT WARNING * * *
You feel as though you will be slow longer.
You can move again.
You feel very sick. The gnoll attacks as you move away! The gnoll misses you.
You feel sick. The hornet stings you.
* * * LOW HITPOINT WARNING * * *
You are more poisoned.
You feel as though you will be slow longer.
You feel better. The gnoll closely misses you. The hornet stings you!
You die...

##....##...##.......#...........#
...................)##.....##...'
##....##............##.)...##...#
#.... #.............).....##...#
#.... #.......##...##.....##...#
...... #.......#######..........#
...... #.......g................#
##.... #.......gy...##..##.###..#
#.... #...##...@...##+###.# #..#
..##...##........... .. .
....................... ... ..
...................##.. ..#
.....##...##(......# . .. #....
#..>##........ #. #...
................ #..
.##............### #+##
#............


You could see a hornet and 2 gnolls.

Vanquished Creatures
  A steam dragon (D:7)
  2 water moccasins
  An orc warrior (D:7)
  2 ice beasts
  A sky beast (D:6)
  2 ogres (D:6)
  A centaur (D:6)
  A phantom (D:5)
  3 necrophages
  2 bullfrogs
  3 scorpions
  A howler monkey (D:7)
  3 hounds
  2 jellies (D:4)
  An orc priest (D:6)
  3 iguanas
  4 orc wizards
  3 gnolls (D:3)
  8 adders
  2 shadow imps
  2 white imps
  2 ufetubi (D:5)
  3 worms
  5 dart slugs
  25 orcs
  9 ball pythons
  3 bats (D:1)
  5 endoplasms
  3 giant cockroaches
  6 goblins
  6 hobgoblins
  6 kobolds
  3 quokkas
  3 frilled lizards
  5 rats
132 creatures vanquished.

Notes
Turn   | Place    | Note
-------+----------+-------------------------------------------
     0 | D:1      | Aibolit the Deep Elf Hunter began the quest for the Orb.
     0 | D:1      | Reached XP level 1. HP: 12/12 MP: 3/3
   248 | D:1      | Reached XP level 2. HP: 16/16 MP: 4/4
   287 | D:1      | Reached skill level 6 in Ranged Weapons
   675 | D:1      | Found a faded altar of an unknown god.
   810 | D:1      | Identified a scroll of acquirement
   810 | D:1      | Acquired a +6 ring of dexterity
  1024 | D:2      | Reached XP level 3. HP: 20/20 MP: 5/5
  1484 | D:2      | Reached skill level 7 in Ranged Weapons
  1658 | D:2      | Reached XP level 4. HP: 26/26 MP: 6/6
  2809 | D:4      | Reached XP level 5. HP: 30/30 MP: 7/7
  2849 | D:4      | Learned a level 3 spell: Call Canine Familiar
  2869 | D:4      | Reached skill level 8 in Ranged Weapons
  2880 | D:4      | Reached skill level 1 in Armour
  2919 | D:4      | Reached XP level 6. HP: 36/36 MP: 8/8
  2951 | D:4      | Reached skill level 9 in Ranged Weapons
  3365 | D:5      | Entered Level 5 of the Dungeon
  3534 | D:5      | Reached XP level 7. HP: 40/40 MP: 9/9
  3536 | D:5      | Found a burning altar of Makhleb.
  3553 | D:5      | Found Diyle's Antique Armour Shoppe.
  3560 | D:5      | Bought a pair of boots for 121 gold pieces
  3612 | D:5      | Reached skill level 10 in Ranged Weapons
  3966 | D:5      | Found Hduythan's Humungous Hoard.
  3986 | D:5      | Reached skill level 11 in Ranged Weapons
  4084 | D:6      | Found a staircase to the Ecumenical Temple.
  4272 | D:6      | Reached XP level 8. HP: 46/46 MP: 10/10
  4398 | D:6      | Found a sacrificial altar of Ru.
  4410 | D:6      | Reached skill level 12 in Ranged Weapons
  4608 | D:6      | Found an ancient bone altar of Kikubaaqudgha.
  4815 | D:6      | Gained mutation: Your natural rate of healing is unusually
                  | fast. [potion of mutation]
  4815 | D:6      | Gained mutation: You are frail. (-10% HP) [potion of
                  | mutation]
  4815 | D:6      | Gained mutation: You sometimes lose your temper in combat.
                  | [potion of mutation]
  4998 | D:7      | Found a broken altar of Ashenzari.
  5021 | D:7      | Reached skill level 13 in Ranged Weapons
  5111 | D:7      | Reached XP level 9. HP: 25/46 MP: 11/11
  5292 | D:7      | Paralysed by a hornet for 1 turns
  5294 | D:7      | HP: 1/46 [hornet (4)]
  5295 | D:7      | Slain by a hornet

Illustrated notes

Levels and vault maps discovered:
D:1:      psy_arrival_fountain, layout_loops_ring,
          chequers_ecumenical_altar_grove, minmay_tetromino_i4
D:2:      layout_loops_corners, moated_statue, dk_noncrumbling_2,
          serial_bayou_pond_d, minmay_quadrilaterals
D:3:      layout_loops_ring, grunt_ministairs_10
D:4:      layout_cave_pools
D:5:      layout_loops_ring, kennysheep_mini_moat, serial_shops, shop,
          nicolae_alphabet_shops
D:6:      layout_loops_cross, hangedman_ru_absence,
          mainiacjoe_overflow_tiny_flanked, minmay_temple_entry_arrows
D:7:      layout_gridville, mainiacjoe_overflow_catwalk

Skill      XL: |  1  2  3  4  5  6  7  8 |
---------------+-------------------------+-----
Ranged Weapons | 6 7 8 9 11 13 | 13.7
Fighting       | 2 3 4 |  4.6
Armour         | 1 2 |  2.2
Dodging        | 3 4 |  4.0
Stealth        | 2 |  2.2
Evocations     | |  0.1

Action                   |  1- 3 |  4- 6 |  7- 9 || total
-------------------------+-------+-------+-------++-------
Melee: Shortbow          |       |       |     3 ||     3
 Fire: Shortbow          |    75 |   107 |   204 ||   386
Evoke: Wand              |       |       |     4 ||     4
  Use: Scroll            |     4 |     7 |     7 ||    18
       Potion            |       |       |    16 ||    16
Armor: Leather armour    |     2 |     9 |    61 ||    72
Dodge: Dodged            |    14 |     8 |    75 ||    97

Table legend: (Time is in decaauts)
 A = Elapsed time spent in this place.
 B = Non-inter-level travel time spent in this place.
 C = Inter-level travel time spent in this place.
 D = Time resting spent in this place.
 E = Time spent auto-exploring this place.
 F = Levels seen in this place.
 G = Mean time per level.
                   A        B        C        D        E       F      G
               +--------+--------+--------+--------+--------+-----+--------+
         Total |   5326 |   5085 |    241 |    309 |   3839 |   7 |  760.9 |
       Dungeon |   5326 |   5085 |    241 |    309 |   3839 |   7 |  760.9 |
               +--------+--------+--------+--------+--------+-----+--------+

Top non-repeatable levels by time:
     D:2: 991 daAuts
     D:1: 919 daAuts
     D:3: 892 daAuts
     D:6: 827 daAuts
     D:5: 687 daAuts
     D:4: 590 daAuts
     D:7: 418 daAuts
